 Dungeon Crawl Stone Soup version 0.26-a0-812-g31a745ddcd (webtiles) character file.

Game seed: 15388673345968033763

554866 tilp the Unseen (level 26, -20/209 HPs)
             Began as a Gnoll Delver on Dec 4, 2020.
             Was an Elder of Nemelex Xobeh.
             Demolished by an ettin
             ... wielding a +2 dire flail of protection
              (24 damage)
             ... on level 5 of the Vaults.
             The game lasted 03:16:12 (89226 turns).

tilp the Unseen (Gnoll Delver)                     Turns: 89226, Time: 03:16:12

Health: -20/209    AC: 42    Str: 15    XL:     26   Next: 44%
Magic:  43/43      EV:  9    Int: 27    God:    Nemelex Xobeh [****..]
Gold:   2838       SH: 21    Dex: 17    Spells: 36/58 levels left

rFire    + + +     SeeInvis +   a - +8 demon blade (freeze)
rCold    + . .     Faith    .   s - +2 kite shield {rF+}
rNeg     + . .     Spirit   .   F - +11 gold dragon scales
rPois    +         Reflect  +   u - +2 helmet {Int+3}
rElec    .         Harm     .   n - +0 cloak
rCorr    .         Rampage  .   M - +1 pair of gloves
MR       ++++.                  q - +0 pair of boots "Umaiklof" {+Blink}
Stlth    ..........             m - amulet of Gekhlunk {Reflect rPois rF+ Int+4 SH+5}
HPRegen  0.44/turn              C - ring of the Good {*Slow rF++ MR+ SInv}
MPRegen  0.28/turn              L - ring "Duest" {+Inv rN+ MR++ Dex-4}

@: silence, lightly drained
A: distributed training, fangs 1, agile 1, weak 1, strong nose
}: 3/15 runes: decaying, abyssal, gossamer
a: Renounce Religion, Evoke Blink, Evoke Invisibility


You were on level 5 of the Vaults.
You worshipped Nemelex Xobeh.
Nemelex Xobeh was greatly pleased with you.
You visited 9 branches of the dungeon, and saw 47 of its levels.
You visited the Abyss 1 time.
You also visited: Wizlab.

You collected 10327 gold pieces.
You spent 7489 gold pieces at shops.

Inventory:

Hand Weapons
 a - a +8 demon blade of freezing (weapon)
 b - a +3 demon whip of electrocution
 U - the +6 Majin-Bo {vamp, MP+6 Int+6}
   (You found it on level 3 of the Crypt)

   It inflicts no extra harm, but heals its wielder when it wounds a living foe.
   It affects your intelligence (+6).
   It affects your magic capacity (+6).
 W - a +4 broad axe of electrocution
Missiles
 y - 14 silver javelins
 O - 19 boomerangs
 V - a throwing net
 Z - 20 javelins (quivered)
Armour
 n - a +0 cloak (worn)
 q - the +0 pair of boots "Umaiklof" (worn) {+Blink}
   (You found it on level 6 of the Lair of Beasts)

   It lets you blink.
 s - a +2 kite shield of fire resistance (worn)
 u - a +2 helmet of intelligence (worn)
 F - +11 gold dragon scales (worn)
 M - a +1 pair of gloves (worn)
Jewellery
 m - the amulet of Gekhlunk (around neck) {Reflect rPois rF+ Int+4 SH+5}
   (You bought it in a shop on level 12 of the Dungeon)

   [amulet of reflection]

   It shields you and reflects attacks.
   It affects your intelligence (+4).
   It protects you from fire.
   It protects you from poison.
   It affects your SH (+5).
 r - the ring of Jopsag {Fire rElec Str+3}
   (You took it off a deep elf death mage on level 3 of the Elven Halls)

   [ring of fire]

   It enhances your fire magic.
   It affects your strength (+3).
   It protects you from fire.
   It makes you vulnerable to cold.
   It insulates you from electricity.
 w - the ring of Epsysk {*Slow +Inv rElec SInv}
   (You found it on level 3 of the Crypt)

   [ring of see invisible]

   It insulates you from electricity.
   It lets you see invisible.
   It lets you turn invisible.
   It may slow you when you take damage.
 C - the ring of the Good (left hand) {*Slow rF++ MR+ SInv}
   (You acquired it on level 4 of the Depths)

   [ring of protection from magic]

   It greatly protects you from fire.
   It affects your resistance to hostile enchantments.
   It lets you see invisible.
   It may slow you when you take damage.
 E - an uncursed ring of resist corrosion
 L - the ring "Duest" (right hand) {+Inv rN+ MR++ Dex-4}
   (You took it off a deep elf sorcerer on level 3 of the Elven Halls)

   [ring of dexterity]

   It affects your dexterity (-4).
   It protects you from negative energy.
   It affects your resistance to hostile enchantments.
   It lets you turn invisible.
 R - an uncursed ring of flight
 X - the ring of Moodiness {rN++ MP+9 Str+6 Int+2 Stlth-}
   (You found it on level 3 of the Crypt)

   [ring of strength]

   It affects your strength (+6).
   It affects your intelligence (+2).
   It greatly protects you from negative energy.
   It affects your magic capacity (+9).
   It makes you less stealthy.
 Y - the ring "Jogar" {Ice Int+5 Dex+3}
   (You bought it in a shop on level 12 of the Dungeon)

   [ring of ice]

   It enhances your ice magic.
   It affects your intelligence (+5).
   It affects your dexterity (+3).
   It makes you vulnerable to fire.
   It protects you from cold.
Wands
 g - a wand of digging (17)
 k - a wand of paralysis (38)
 z - a wand of acid (46)
Scrolls
 c - 10 scrolls of fog
 d - 2 scrolls of magic mapping
 e - 7 scrolls of fear
 j - 10 scrolls of teleportation
 l - 21 scrolls of remove curse
 t - 17 scrolls of identify
 J - 9 scrolls of blinking
Potions
 f - 3 potions of haste
 o - 3 potions of heal wounds
 p - 26 potions of curing
 v - 3 potions of berserk rage
 x - 5 potions of might
 A - 5 potions of resistance
 D - 6 potions of ambrosia
 I - a potion of cancellation
 N - 3 potions of invisibility
 P - 7 potions of mutation
Miscellaneous
 h - a box of beasts
 i - a condenser vane (inert)
 H - a tin of tremorstones (2/2)
 K - a phial of floods
 Q - a lightning rod (4/4)
 S - a phantom mirror


   Skills:
 + Level 17.4 Fighting
 + Level 16.5 Short Blades
 + Level 16.5 Long Blades
 + Level 16.5 Axes
 + Level 17.0 Maces & Flails
 + Level 16.5 Polearms
 + Level 16.5 Staves
 + Level 16.5 Slings
 + Level 16.5 Bows
 + Level 16.5 Crossbows
 + Level 16.5 Throwing
 + Level 16.5 Armour
 + Level 17.0 Dodging
 + Level 18.4(18.3) Stealth
 + Level 16.5 Shields
 + Level 16.5 Unarmed Combat
 + Level 16.5 Spellcasting
 + Level 14.2 Conjurations
 + Level 14.2 Hexes
 + Level 14.2 Summonings
 + Level 14.2 Necromancy
 + Level 14.2 Translocations
 + Level 14.2 Transmutations
 + Level 14.2 Fire Magic
 + Level 14.2 Ice Magic
 + Level 14.2 Air Magic
 + Level 14.2 Earth Magic
 + Level 14.2 Poison Magic
 + Level 17.8 Invocations
 + Level 16.5 Evocations


You had 36 spell levels left.
You knew the following spells:

 Your Spells              Type           Power        Failure   Level
a - Animate Skeleton      Necr           ######       1%          1
b - Apportation           Tloc           ######       1%          1
c - Corona                Hex            #######      1%          1
d - Ensorcelled Hibernat  Hex/Ice        ######       1%          2
e - Tukima's Dance        Hex            #######.     2%          3
f - Swiftness             Air            #######.     1%          2
g - Passwall              Tmut/Erth      #######.     1%          2
h - Borgnjor's Vile Clut  Necr/Erth      #######...   22%         5
i - Silence               Hex/Air        #######...   22%         5

Your spell library contained the following spells:

 Spells                   Type           Power        Failure   Level
 Foxfire                  Conj/Fire      ####         1%          1
 Magic Dart               Conj           ####         1%          1
 Pain                     Necr           ####         1%          1
 Sandblast                Erth           ######       1%          1
 Shock                    Conj/Air       ####         1%          1
 Sting                    Tmut/Pois      ####         1%          1
 Summon Small Mammal      Summ           ####         1%          1
 Corpse Rot               Necr/Air       N/A          1%          2
 Poisonous Vapours        Pois/Air       ######       1%          2
 Sublimation of Blood     Necr           #######...   1%          2
 Confusing Touch          Hex            #######.     2%          3
 Conjure Flame            Conj/Fire      #######.     2%          3
 Dazzling Flash           Conj/Hex       ######       2%          3
 Gell's Gravitas          Tloc           #######...   2%          3
 Ignite Poison            Fire/Tmut/Pois #######.     2%          3
 Inner Flame              Hex/Fire       #######.     2%          3
 Mephitic Cloud           Conj/Pois/Air  #######.     2%          3
 Portal Projectile        Hex/Tloc       ######       2%          3
 Static Discharge         Conj/Air       #######.     2%          3
 Stone Arrow              Conj/Erth      ######       2%          3
 Vampiric Draining        Necr           #######...   2%          3
 Airstrike                Air            #######...   8%          4
 Animate Dead             Necr           #######...   8%          4
 Dispel Undead            Necr           #######.     8%          4
 Leda's Liquefaction      Hex/Erth       #######...   8%          4
 Olgreb's Toxic Radiance  Pois           #######.     8%          4
 Passage of Golubria      Tloc           N/A          8%          4
 Petrify                  Tmut/Erth      #######.     8%          4
 Sticky Flame             Conj/Fire      #######.     8%          4
 Summon Lightning Spire   Summ/Air       #######.     8%          4
 Agony                    Necr           #######.     22%         5
 Bolt of Magma            Conj/Fire/Erth #######...   22%         5
 Excruciating Wounds      Necr           #######...   22%         5
 Fireball                 Conj/Fire      #######...   22%         5
 Iskenderun's Battlesphe  Conj           #######.     22%         5
 Lee's Rapid Deconstruct  Erth           #######...   22%         5
 Lightning Bolt           Conj/Air       #######...   22%         5
 Summon Demon             Summ           #######...   22%         5
 Summon Forest            Summ/Tloc      #######...   22%         5
 Summon Mana Viper        Hex/Summ       #######.     22%         5
 Conjure Ball Lightning   Conj/Air       #######...   77%         6
 Death Channel            Necr           #######...   77%         6
 Dispersal                Tloc           #######...   77%         6
 Eringya's Noxious Bog    Tmut/Pois      #######...   77%         6
 Hydra Form               Tmut           #######...   77%         6
 Invisibility             Hex            #######.     77%         6
 Iron Shot                Conj/Erth      #######...   77%         6
 Shadow Creatures         Summ           N/A          77%         6
 Simulacrum               Ice/Necr       #######...   77%         6
 Statue Form              Tmut/Erth      #######..    77%         6
 Orb of Destruction       Conj           #######...   100%        7
 Spellforged Servitor     Conj/Summ      #######...   100%        7
 Summon Hydra             Summ           #######...   100%        7
 Chain Lightning          Conj/Air       #######...   100%        8
 Disjunction              Tloc           #######...   100%        8
 Lehudib's Crystal Spear  Conj/Erth      #######...   100%        8
 Absolute Zero            Ice            #######...   100%        9
 Fire Storm               Conj/Fire      #######...   100%        9
 Shatter                  Erth           #######...   100%        9
 Tornado                  Air            #######...   100%        9


Dungeon Overview and Level Annotations

Branches:
Dungeon (15/15)            Temple (0/1) D:6            Lair (6/6) D:8
  Swamp (4/4) Lair:4       Spider (4/4) Lair:3        Slime (0/5) Lair:5
    Orc (2/2) D:11            Elf (3/3) Orc:2        Vaults (5/5) D:14
  Crypt (3/3) Vaults:3       Tomb (0/3) Crypt:3      Depths (5/5) D:15
    Zot (0/5) Depths:5     WizLab (visited)

Altars:
Ashenzari
Cheibriados
Dithmenos
Fedhas
Gozag
Kikubaaqudgha
Makhleb
Nemelex Xobeh
Okawaru
Qazlal
Sif Muna
Trog
Uskayaw
Vehumet
Yredelemnul
The Shining One
Beogh

Shops:
D:5 }   D:7 ?   D:8 (   D:12 *   D:13 *   D:15 ?   Orc:1 *   Orc:2 !}(:
Vaults:1 **   Vaults:3 [   Depths:2 *(*   Depths:3 (}}=   Depths:4 *(?

Portals:
Hell: Depths:1 Depths:2 Depths:3 Depths:4 Depths:5
Abyss: Depths:1 Depths:4
Pandemonium: Depths:1 Depths:3
Ziggurat: Depths:2
Trove: D:15 (show slimy rune of Zot)

Annotations:
Elf:2 2 runed translucent doors
Vaults:5 Xtahua


Innate Abilities, Weirdness & Mutations

Your experience applies equally to all skills.
You have very sharp teeth.
Your uncanny sense of smell can sniff out nearby items.
You are agile. (Dex +2)
You are weak. (Str -2)


Message History

The ettin is heavily wounded.
The ettin hits you with a +2 dire flail of protection!
* * * LOW HITPOINT WARNING * * *
The ettin hits you with a +0 dire flail!!
* * * LOW HITPOINT WARNING * * *
Unknown command.
You hit the ettin. You freeze the ettin.
The ettin is heavily wounded.
The vault warden is engulfed in freezing vapours.
The vault guard is engulfed in freezing vapours.
You block the vault guard's attack.
Unknown command.
You hit the ettin but do no damage.
The ettin is heavily wounded.
The ettin is engulfed in freezing vapours.
The ettin hits you with a +2 dire flail of protection!!
* * * LOW HITPOINT WARNING * * *
The ettin hits you with a +0 dire flail!!
You die...
Your body glows with a rainbow of weird colours and disappears.

############*******
#...........,,,,,,,
#.§§§.......,,,,,,,
#§§§.#######*******
#§§p.W...(##**,,,,,
#§p#.Cp....#*,,,,,,
#pC#..p##......#**,
#§@#..##*#....##,**
#..#..#***....'(,,*
#..#...**,,..W##,**
#..##...,,,..p.#**,
#.[###..,,,,....,,,
#..#**..#**,....,,,
#..#*,.##∆**,,,,,,,
#..#,,,'∆∆,*,,,,,,,
#..#*,,**∆**,,,,,,,


You could see a vault warden, 2 vault guards and an ettin.

Vanquished Creatures
  An ancient lich (Crypt:3)
  A juggernaut (Depths:5)
  2 golden dragons
  Jory (Vaults:2)
  3 bone dragons
  Arachne (Spider:1)
  The ghost of Gruesome the Severer, an adept FoAK of Lugonu (Vaults:1)
  A tentacled monstrosity (Depths:4)
  4 deep elf blademasters (Elf:3)
  4 liches
  Asterion (Elf:2)
  4 titans
  2 deep elf master archers (Elf:3)
  An ancient champion (Crypt:1)
  4 sphinxes
  A thorn hunter (Swamp:2)
  A tentacled starspawn (Abyss:4)
  Agnes (Spider:2)
  An Executioner (WizLab)
  A tengu reaver (Depths:3)
  3 shadow dragons
  Donald (Lair:4)
  A storm dragon (Vaults:1)
  A revenant (Crypt:2)
  A fenstrider witch (Swamp:3)
  A storm dragon (shapeshifter) (Depths:3)
  4 fire giants
  8 frost giants
  3 emperor scorpions
  8 deep elf sorcerers
  A balrug (Depths:3)
  5 vault wardens
  4 ghost moths
  6 ghouls
  A draconian shifter (Abyss:3)
  2 cacodemons (WizLab)
  A curse skull (Crypt:1)
  An iron dragon (Depths:3)
  2 orc warlords
  3 deep elf elementalists
  10 ironheart preservers
  26 very ugly things
  A caustic shrike skeleton (Depths:4)
  A spriggan defender (Depths:3)
  5 war gargoyles
  2 draconian annihilators (Depths:5)
  A green draconian (Depths:5)
  A juggernaut skeleton (Depths:4)
  2 black draconians (Depths:5)
  21 stone giants
  6 entropy weavers
  5 vampire knights
  Azrael (D:12)
  8 deep elf demonologists
  A purple draconian (Abyss:4)
  2 dire elephants
  2 lorocyprocas (WizLab)
  7 deep elf annihilators
  Nessos (D:12)
  7 spark wasps
  A white draconian (Depths:5)
  A red draconian (Depths:5)
  4 bunyips
  A yellow draconian (Depths:5)
  An eidolon (Vaults:3)
  An eleionoma (Swamp:3)
  A quicksilver dragon zombie (Crypt:3)
  3 blizzard demons
  12 deep elf death magi
  2 ettins
  15 fire dragons
  4 crystal guardians
  9 yaktaur captains
  6 deep elf high priests
  11 ice dragons
  5 jiangshi (Depths:1)
  Erolcha (Orc:2)
  A shambling mangrove (Swamp:2)
  7 rakshasas
  15 great orbs of eyes
  5 boulder beetles
  A naga warrior (Abyss:3)
  2 ghost crabs
  6 spriggan air magi
  24 hydras
  Erica (D:11)
  4 vault guards
  9 death knights
  A queen ant (Spider:2)
  11 alligators
  2 death yaks (D:7)
  8 centaur warriors
  11 ogre magi
  34 two-headed ogres
  15 dancing weapons
  2 satyrs
  3 tengu warriors
  10 deep troll earth magi
  Urug (Orc:1)
  A titan zombie (Crypt:3)
  6 deep troll shamans
  5 goliath frogs
  4 vampire magi
  The ghost of Lanoc the Destroyer, a novice DrCj of Vehumet (D:10)
  5 spriggan berserkers
  Sonja (Orc:1)
  A sun demon (WizLab)
  A sixfirhy (Depths:3)
  3 soul eaters
  14 deep elf knights
  28 deep trolls
  An iron troll (Depths:1)
  6 hell knights (Crypt:3)
  2 sea snakes
  7 spriggan druids
  A titan skeleton (Vaults:3)
  21 skeletal warriors
  An iron troll (shapeshifter) (Depths:5)
  A death drake (Vaults:2)
  A shadow wraith (Crypt:2)
  A fire crab (Lair:6)
  3 unseen horrors
  2 golden dragon zombies
  An unseen horror (shapeshifter) (Vaults:2)
  3 glowing orange brains
  13 swamp dragons
  5 starcursed masses (Abyss:4)
  3 bog bodies
  16 deep elf archers
  5 flayed ghosts
  An infernal demonspawn (Depths:3)
  2 wolf spider zombies
  A deep troll (shapeshifter) (Vaults:2)
  13 phantasmal warriors
  9 ironbrand convokers
  A golden dragon skeleton (Crypt:3)
  A bunyip skeleton (Crypt:2)
  2 wizards
  An obsidian statue (Vaults:1)
  13 harpies
  A shadow dragon skeleton (Crypt:3)
  A faun (shapeshifter) (Depths:3)
  51 ugly things
  A tengu skeleton (Vaults:3)
  8 necromancers
  A faun (Depths:2)
  6 orc knights
  13 orc sorcerers
  27 wolf spiders
  A mana viper (shapeshifter) (Depths:3)
  9 cyclopes
  10 orb spiders
  2 will-o-the-wisps
  62 deep elf magi
  4 salamanders
  A frost giant zombie (Crypt:3)
  A manticore (D:14)
  A manticore (shapeshifter) (Depths:1)
  An iron dragon skeleton (Depths:4)
  2 moths of wrath (Spider:3)
  A fire giant skeleton (Vaults:3)
  A frost giant skeleton (Vaults:3)
  A dire elephant zombie (Crypt:3)
  16 elephants (Lair:6)
  4 guardian serpents
  An elephant slug zombie (Crypt:1)
  An apocalypse crab (Abyss:3)
  3 molten gargoyles (D:14)
  2 torpor snails
  2 gargoyles
  A naga mage (Abyss:3)
  3 smoke demons (WizLab)
  9 vault sentinels
  A cane toad (shapeshifter) (Depths:3)
  23 cane toads
  A rust devil (Depths:1)
  7 black mambas
  Maggie (D:6)
  2 rime drakes
  2 centaur skeletons
  2 kobold demonologists
  10 demonic crawlers
  4 ice devils (WizLab)
  3 yaktaur skeletons (Vaults:3)
  3 efreet (Depths:2)
  2 komodo dragons (Lair:6)
  A death yak zombie (Crypt:2)
  39 yaktaurs
  3 guardian mummies
  The ghost of Xoff the Chiller, a novice GrIE (D:3)
  11 freezing wraiths
  2 tengu conjurers (Depths:2)
  7 trolls
  9 tyrant leeches
  A harpy zombie (Crypt:2)
  31 jumping spiders
  A meliai (Depths:2)
  10 polar bears
  An ancient zyme (Abyss:4)
  A queen bee (Lair:2)
  5 large abominations
  22 slime creatures
  A harpy skeleton (D:15)
  A meliai (shapeshifter) (Vaults:3)
  A merfolk (Vaults:2)
  5 raiju
  A wind drake (shapeshifter) (Vaults:1)
  20 hornets
  4 blink frogs (Lair:5)
  A hydra skeleton (Crypt:3)
  An alligator zombie (Crypt:3)
  A fire dragon zombie (Crypt:3)
  An ice dragon zombie (Crypt:3)
  2 dream sheep
  A tarantella (shapeshifter) (Depths:2)
  32 flying skulls
  2 shadows
  46 yaks
  2 fire dragon skeletons (Crypt:3)
  55 redbacks
  2 air elementals
  A small abomination (Abyss:3)
  10 wyverns
  19 tarantellas
  17 wraiths
  2 water elementals
  8 spriggans
  4 ynoxinuls
  2 basilisks
  2 fire bats (Abyss:3)
  2 hogs (shapeshifter)
  7 fire elementals
  A human (shapeshifter) (Depths:1)
  A black mamba skeleton (Crypt:3)
  3 golden eyes (shapeshifter)
  A human simulacrum (Vaults:2)
  2 steam dragons (D:7)
  12 vampire mosquitoes
  2 neqoxecs
  10 wargs
  A yaktaur simulacrum (Vaults:2)
  A chaos spawn (Abyss:3)
  15 swamp worms
  A cane toad zombie (Crypt:3)
  A spatial vortex (Abyss:3)
  12 soldier ants
  23 hell hounds
  4 acid dragons
  2 deep troll skeletons (Vaults:3)
  2 floating eyes (Depths:3)
  23 water moccasins
  30 orc warriors
  5 phantoms
  4 sky beasts
  A snapping turtle zombie (Crypt:3)
  12 black bears
  11 swamp drakes
  7 ice beasts
  3 necrophages
  2 eyes of draining
  22 wolves
  4 human zombies
  30 ogres
  17 centaurs
  7 boggarts
  5 human skeletons (Vaults:3)
  An elf skeleton (Vaults:3)
  8 big kobolds
  20 bullfrogs
  2 wyvern zombies
  A salamander skeleton (Crypt:1)
  2 earth elementals (Elf:3)
  A water moccasin zombie (Crypt:1)
  3 scorpions
  A raiju zombie (Crypt:2)
  32 killer bees
  26 wights
  4 electric eels
  9 howler monkeys
  2 centaur zombies (D:10)
  A quasit (Abyss:3)
  An iron imp (Abyss:3)
  4 jellies
  35 orc wizards
  5 hounds
  12 orc priests
  2 bullfrog skeletons
  A basilisk skeleton (Crypt:1)
  21 worker ants
  2 iguanas
  6 hell rats
  An acid dragon skeleton (Crypt:1)
  A hound zombie (D:10)
  A hound skeleton (D:6)
  3 mummies (Crypt:2)
  11 adders
  3 gnolls (D:6)
  A howler monkey skeleton (D:4)
  A steam dragon skeleton (Crypt:1)
  2 shadow imps
  4 white imps
  3 ufetubi
  2 oozes
  An adder zombie (D:8)
  2 adder skeletons
  A halfling skeleton (Crypt:2)
  An iguana skeleton (Crypt:2)
  4 worms
  3 dart slugs
  3 leopard geckos
  96 orcs
  A bat skeleton (D:2)
  8 giant cockroaches
  2 goblins (D:1)
  6 hobgoblins
  7 jackals
  8 quokkas
  A ball python (D:1)
  5 bats
  6 frilled lizards
  A hobgoblin skeleton (Crypt:2)
  A jackal zombie (D:9)
  15 kobolds
  A leopard gecko skeleton (D:7)
  14 rats
  A crawling corpse (Elf:3)
  3 toadstools (Swamp:3)
2071 creatures vanquished.

Vanquished Creatures (collateral kills)
  The ghost of emiel the Unseen, an adept SpAE of Ru (Spider:3)
  A frost giant (Spider:4)
  An ironheart preserver (Vaults:2)
  The ghost of bmj180 the Thaumaturge, a novice DrCj of Sif Muna (D:8)
  A two-headed ogre (D:8)
  A deep troll earth mage (Vaults:2)
  A death yak (D:8)
  2 deep trolls (Vaults:2)
  A wolf spider (Spider:4)
  A moth of wrath (shapeshifter) (Vaults:5)
  A wraith (D:8)
  2 redbacks (Spider:4)
14 creatures vanquished.

Vanquished Creatures (others)
  A frost giant (Depths:5)
  A fire dragon (Vaults:4)
  A goliath frog (Swamp:2)
  A spriggan (Swamp:3)
  A deep elf knight (Elf:2)
  A molten gargoyle (D:14)
  A bloated husk (Swamp:3)
  A hornet (Swamp:3)
  A warg (Lair:6)
  A sky beast (D:7)
  A boggart (Depths:2)
  2 orc wizards (Orc:2)
  A bat (D:7)
  4 foxfires (Swamp:4)
  60 fungi
  88 plants
  4 starspawn tentacles (Abyss:4)
  2 toadstools (Swamp:3)
172 creatures vanquished.

Grand Total: 2257 creatures vanquished

Notes
Turn   | Place    | Note
-------+----------+-------------------------------------------
     0 | D:5      | Reached skill level 9 in Stealth
     0 | D:5      | tilp the Gnoll Delver began the quest for the Orb.
     0 | D:5      | Reached XP level 1. HP: 23/23 MP: 1/1
    23 | D:5      | Found a sparkling altar of Nemelex Xobeh.
    27 | D:5      | Became a worshipper of Nemelex Xobeh the Trickster
    85 | D:4      | Found an ancient bone altar of Kikubaaqudgha.
   142 | D:4      | Reached XP level 2. HP: 27/29 MP: 2/2
   165 | D:3      | Found a transporter.
   174 | D:3      | Noticed Xoff's ghost (novice GrIE)
   500 | D:1      | Reached XP level 3. HP: 35/35 MP: 3/3
   556 | D:1      | Reached * piety under Nemelex Xobeh
   867 | D:1      | Received a gift from Nemelex Xobeh
   932 | D:1      | Reached skill level 1 in Invocations
  1504 | D:2      | Found a glowing golden altar of the Shining One.
  1552 | D:2      | Reached ** piety under Nemelex Xobeh
  1580 | D:2      | Reached skill level 1 in Short Blades
  1580 | D:2      | Reached skill level 1 in Long Blades
  1580 | D:2      | Reached skill level 1 in Axes
  1580 | D:2      | Reached skill level 1 in Polearms
  1580 | D:2      | Reached skill level 1 in Staves
  1580 | D:2      | Reached skill level 1 in Slings
  1580 | D:2      | Reached skill level 1 in Bows
  1580 | D:2      | Reached skill level 1 in Crossbows
  1580 | D:2      | Reached skill level 1 in Throwing
  1580 | D:2      | Reached skill level 1 in Armour
  1580 | D:2      | Reached skill level 1 in Shields
  1580 | D:2      | Reached skill level 1 in Unarmed Combat
  1580 | D:2      | Reached skill level 1 in Spellcasting
  1580 | D:2      | Reached skill level 1 in Evocations
  1789 | D:3      | Found a transporter.
  1801 | D:3      | Reached XP level 4. HP: 17/41 MP: 5/5
  2038 | D:3      | Found a stormy altar of Qazlal.
  2082 | D:3      | Found a basalt altar of Yredelemnul.
  2121 | D:3      | Reached skill level 1 in Conjurations
  2121 | D:3      | Reached skill level 1 in Hexes
  2121 | D:3      | Reached skill level 1 in Summonings
  2121 | D:3      | Reached skill level 1 in Necromancy
  2121 | D:3      | Reached skill level 1 in Translocations
  2121 | D:3      | Reached skill level 1 in Transmutations
  2121 | D:3      | Reached skill level 1 in Fire Magic
  2121 | D:3      | Reached skill level 1 in Ice Magic
  2121 | D:3      | Reached skill level 1 in Air Magic
  2121 | D:3      | Reached skill level 1 in Earth Magic
  2121 | D:3      | Reached skill level 1 in Poison Magic
  2144 | D:3      | Received a gift from Nemelex Xobeh
  2328 | D:3      | Reached XP level 5. HP: 43/47 MP: 6/6
  2737 | D:4      | Noticed a phantom
  2772 | D:4      | Killed a phantom
  2772 | D:4      | Reached XP level 6. HP: 18/53 MP: 8/8
  3063 | D:4      | Reached skill level 5 in Maces & Flails
  3063 | D:4      | Reached skill level 5 in Dodging
  3221 | D:4      | Found a broken altar of Ashenzari.
  3259 | D:4      | Received a gift from Nemelex Xobeh
  3583 | D:5      | Found Namomokh's Gadget Boutique.
  3597 | D:5      | Found a blossoming altar of Fedhas.
  3625 | D:5      | Reached XP level 7. HP: 51/59 MP: 10/10
  3866 | D:5      | Reached *** piety under Nemelex Xobeh
  4073 | D:6      | Reached skill level 10 in Stealth
  4073 | D:6      | Reached XP level 8. HP: 49/67 MP: 12/12
  4325 | D:6      | Found a staircase to the Ecumenical Temple.
  4327 | D:6      | Found a snail-covered altar of Cheibriados.
  4327 | D:6      | Found a shadowy altar of Dithmenos.
  4464 | D:6      | Received a gift from Nemelex Xobeh
  4465 | D:6      | Found a radiant altar of Vehumet.
  4667 | D:6      | Noticed Maggie
  4684 | D:6      | Killed Maggie
  4952 | D:6      | Reached XP level 9. HP: 72/72 MP: 14/14
  5140 | D:6      | Learned a level 1 spell: Animate Skeleton
  5142 | D:6      | Learned a level 1 spell: Apportation
  5144 | D:6      | Learned a level 1 spell: Corona
  5205 | D:7      | Found a hide-covered altar of Uskayaw.
  5206 | D:7      | Found Rujic's Magic Scroll Boutique.
  5214 | D:7      | Bought a scroll of identify for 24 gold pieces
  5214 | D:7      | Bought a scroll of identify for 24 gold pieces
  5214 | D:7      | Bought a scroll of identify for 24 gold pieces
  5214 | D:7      | Bought a scroll of blinking for 90 gold pieces
  5214 | D:7      | Bought a scroll of identify for 24 gold pieces
  5214 | D:7      | Bought a scroll of noise for 12 gold pieces
  5214 | D:7      | Bought a scroll of remove curse for 36 gold pieces
  5754 | D:7      | Noticed a hornet
  5754 | D:7      | an ice beast changed into a hornet
  5782 | D:7      | Killed a hornet
  6200 | D:7      | Reached skill level 5 in Invocations
  6226 | D:7      | Found a bloodstained altar of Trog.
  6316 | D:7      | Found an iron altar of Okawaru.
  6340 | D:7      | Got a scorched hand axe
  6341 | D:7      | Identified the +9 hand axe of Kindness {venom, rPois Str+3
                  | Int-3 Dex+2} (You found it on level 7 of the Dungeon)
  6465 | D:8      | Reached XP level 10. HP: 62/80 MP: 17/17
  6466 | D:8      | Received a gift from Nemelex Xobeh
  6486 | D:7      | Reached skill level 5 in Short Blades
  6486 | D:7      | Reached skill level 5 in Long Blades
  6486 | D:7      | Reached skill level 5 in Axes
  6486 | D:7      | Reached skill level 5 in Polearms
  6486 | D:7      | Reached skill level 5 in Staves
  6486 | D:7      | Reached skill level 5 in Slings
  6486 | D:7      | Reached skill level 5 in Bows
  6486 | D:7      | Reached skill level 5 in Crossbows
  6486 | D:7      | Reached skill level 5 in Throwing
  6486 | D:7      | Reached skill level 5 in Armour
  6486 | D:7      | Reached skill level 5 in Shields
  6486 | D:7      | Reached skill level 5 in Unarmed Combat
  6486 | D:7      | Reached skill level 5 in Spellcasting
  6486 | D:7      | Reached skill level 5 in Evocations
  6811 | D:8      | Noticed a death yak
  6812 | D:8      | Noticed a death yak
  6813 | D:8      | Noticed a death yak
  6845 | D:7      | Killed a death yak
  7114 | D:8      | Found a staircase to the Lair.
  7161 | D:8      | Reached **** piety under Nemelex Xobeh
  7252 | D:8      | Found a runed translucent gate.
  7252 | D:8      | Found a runed translucent gate.
  7252 | D:8      | Found a runed translucent gate.
  7252 | D:8      | Noticed bmj180's ghost (novice DrCj)
  7280 | D:8      | Found Tifuadupu's Weapon Shoppe.
  7444 | D:7      | Killed a death yak
  7444 | D:7      | Reached skill level 11 in Stealth
  7523 | D:8      | Killed a death yak
  7938 | D:8      | Noticed a two-headed ogre
  7944 | D:8      | Killed a two-headed ogre
  7944 | D:8      | Reached XP level 11. HP: 66/87 MP: 19/19
  8131 | D:9      | Noticed a two-headed ogre
  8138 | D:9      | Killed a two-headed ogre
  8138 | D:9      | Reached skill level 5 in Conjurations
  8138 | D:9      | Reached skill level 5 in Hexes
  8138 | D:9      | Reached skill level 5 in Summonings
  8138 | D:9      | Reached skill level 5 in Necromancy
  8138 | D:9      | Reached skill level 5 in Translocations
  8138 | D:9      | Reached skill level 5 in Transmutations
  8138 | D:9      | Reached skill level 5 in Fire Magic
  8138 | D:9      | Reached skill level 5 in Ice Magic
  8138 | D:9      | Reached skill level 5 in Air Magic
  8138 | D:9      | Reached skill level 5 in Earth Magic
  8138 | D:9      | Reached skill level 5 in Poison Magic
  8704 | D:9      | Got a distressingly furry robe
  8708 | D:9      | Identified the +1 robe of the Tarantula {MR+ Str+5 Slay+3}
                  | (You found it on level 9 of the Dungeon)
  8768 | D:9      | Found an opulent altar of Gozag.
  8896 | D:9      | Learned a level 2 spell: Ensorcelled Hibernation
  8900 | D:9      | Learned a level 3 spell: Tukima's Dance
  8927 | D:10     | Entered Level 10 of the Dungeon
  9507 | D:10     | Got a warped rapier
  9508 | D:10     | Identified the +5 rapier "Ceqoygg" {pain, *Contam rElec
                  | Dex+3} (You found it on level 10 of the Dungeon)
  9692 | D:10     | Found a runed translucent gate.
  9693 | D:10     | Found a runed translucent gate.
  9693 | D:10     | Noticed Lanoc's ghost (novice DrCj)
  9766 | D:10     | Found a runed translucent gate.
  9773 | D:10     | Found a roughly hewn altar of Beogh.
 10267 | D:11     | Found a staircase to the Orcish Mines.
 10394 | D:11     | Received a gift from Nemelex Xobeh
 10473 | D:11     | Noticed Erica
 10476 | D:11     | Killed Erica
 10476 | D:11     | Reached XP level 12. HP: 95/95 MP: 22/22
 11131 | D:12     | Noticed Azrael
 11133 | D:12     | Killed Azrael
 11138 | D:12     | Noticed Nessos
 11149 | D:12     | Killed Nessos
 11756 | D:12     | Found Ucwaufro's Antique Artefacts.
 11982 | D:12     | Noticed a two-headed ogre
 11994 | D:12     | Killed a two-headed ogre
 12460 | D:12     | Bought an ancient garnet amulet for 115 gold pieces
 12460 | D:12     | Identified the amulet of Gekhlunk {Reflect rPois rF+ Int+4
                  | SH+5} (You bought it in a shop on level 12 of the Dungeon)
 12604 | Lair:1   | Entered Level 1 of the Lair of Beasts
 12623 | Lair:1   | Received a gift from Nemelex Xobeh
 12846 | Lair:1   | Reached skill level 10 in Fighting
 13184 | Lair:1   | Reached skill level 12 in Stealth
 13689 | Lair:2   | Reached XP level 13. HP: 58/102 MP: 24/24
 14454 | Lair:2   | Reached ***** piety under Nemelex Xobeh
 14454 | Lair:2   | Received a gift from Nemelex Xobeh
 15659 | Lair:3   | Found a hole to the Spider Nest.
 15679 | Lair:3   | Found a burning altar of Makhleb.
 15810 | Lair:3   | You fall into a shaft and drop 2 floors!
 15974 | Lair:4   | Received a gift from Nemelex Xobeh
 16770 | Lair:3   | Received a gift from Nemelex Xobeh
 16910 | Lair:4   | Received a gift from Nemelex Xobeh
 17034 | Lair:4   | Found a staircase to the Swamp.
 17280 | Lair:5   | Found a staircase to the Slime Pits.
 17311 | Lair:5   | Received a gift from Nemelex Xobeh
 17392 | Lair:5   | Reached XP level 14. HP: 30/110 MP: 26/26
 17712 | Lair:5   | Reached skill level 10 in Maces & Flails
 17712 | Lair:5   | Reached skill level 10 in Dodging
 18699 | D:12     | Bought a shimmering lead ring for 115 gold pieces
 18699 | D:12     | Identified the ring of the Voivode {*Contam MP+9 Str+6}
                  | (You bought it in a shop on level 12 of the Dungeon)
 18877 | Lair:6   | Entered Level 6 of the Lair of Beasts
 19698 | Lair:6   | Reached skill level 10 in Invocations
 20037 | Lair:6   | Reached XP level 15. HP: 109/117 MP: 28/28
 20086 | Lair:6   | Received a gift from Nemelex Xobeh
 20549 | Lair:6   | Reached ****** piety under Nemelex Xobeh
 20641 | Lair:6   | Identified a scroll of acquirement
 20641 | Lair:6   | Acquired 606 gold pieces
 20642 | Lair:6   | Got a pair of heavily runed boots
 21039 | Lair:6   | Reached skill level 13 in Stealth
 21552 | Lair:6   | Identified the +0 pair of boots "Umaiklof" {+Blink} (You
                  | found it on level 6 of the Lair of Beasts)
 22638 | Lair:6   | Learned a level 2 spell: Swiftness
 22826 | D:3      | Killed Xoff's ghost
 22987 | D:8      | Killed bmj180's ghost
 23280 | Orc:1    | Entered Level 1 of the Orcish Mines
 23286 | Orc:1    | Noticed an orc warlord
 24136 | Orc:1    | Killed an orc warlord
 24185 | Orc:1    | Noticed Urug
 24190 | Orc:1    | Killed Urug
 24564 | Orc:1    | Reached skill level 10 in Short Blades
 24564 | Orc:1    | Reached skill level 10 in Long Blades
 24564 | Orc:1    | Reached skill level 10 in Axes
 24564 | Orc:1    | Reached skill level 10 in Polearms
 24564 | Orc:1    | Reached skill level 10 in Staves
 24564 | Orc:1    | Reached skill level 10 in Slings
 24564 | Orc:1    | Reached skill level 10 in Bows
 24564 | Orc:1    | Reached skill level 10 in Crossbows
 24564 | Orc:1    | Reached skill level 10 in Throwing
 24564 | Orc:1    | Reached skill level 10 in Armour
 24564 | Orc:1    | Reached skill level 10 in Shields
 24564 | Orc:1    | Reached skill level 10 in Unarmed Combat
 24564 | Orc:1    | Reached skill level 10 in Spellcasting
 24564 | Orc:1    | Reached skill level 10 in Evocations
 24721 | Orc:1    | Received a gift from Nemelex Xobeh
 24793 | Orc:1    | Found Simigg's Assorted Antiques.
 24801 | Orc:1    | Bought a scroll of enchant armour for 240 gold pieces
 24801 | Orc:1    | Bought a potion of mutation for 256 gold pieces
 25178 | D:13     | Received a gift from Nemelex Xobeh
 25214 | D:13     | Found Esotur's Assorted Antiques.
 25222 | D:13     | Bought a pair of embroidered boots for 187 gold pieces
 25222 | D:13     | Bought a scroll of identify for 50 gold pieces
 25222 | D:13     | Bought a scroll of identify for 50 gold pieces
 25222 | D:13     | Bought a scroll of magic mapping for 87 gold pieces
 25309 | D:12     | Bought a wavering lapis lazuli ring for 115 gold pieces
 25309 | D:12     | Identified the ring "Jogar" {Ice Int+5 Dex+3} (You bought
                  | it in a shop on level 12 of the Dungeon)
 25956 | D:13     | Identified the +7 plate armour of the Sun {Harm Dex+2 SInv
                  | Stlth-} (You found it on level 13 of the Dungeon)
 26157 | D:14     | Received a gift from Nemelex Xobeh
 27425 | D:14     | Reached XP level 16. HP: 85/126 MP: 30/30
 27871 | D:10     | Killed Lanoc's ghost
 28050 | Orc:2    | Entered Level 2 of the Orcish Mines
 28050 | Orc:2    | Received a gift from Nemelex Xobeh
 28050 | Orc:2    | Noticed Sonja
 28189 | Orc:1    | Killed Sonja
 28494 | Orc:2    | Found a staircase to the Elven Halls.
 28552 | Orc:2    | Noticed Rupert
 28581 | Orc:1    | Noticed Rupert
 28581 | Orc:1    | Rupert changed into Rupert the sphinx
 28588 | Orc:1    | Killed Rupert the sphinx
 28943 | Orc:2    | Paralysed by an orc sorcerer for 6 turns
 28952 | Orc:2    | Paralysed by an orc sorcerer for 5 turns
 29099 | Orc:2    | Found Irupaas's Antique Weapon Emporium.
 29133 | Orc:2    | Found Jiopaenu's Book Shoppe.
 29142 | Orc:2    | Found a radiant altar of Vehumet.
 29142 | Orc:2    | Noticed Erolcha
 29153 | Orc:2    | Killed Erolcha
 29275 | Orc:2    | Found Zugoim's Gadget Emporium.
 29659 | Orc:2    | Found an ancient bone altar of Kikubaaqudgha.
 29690 | Orc:2    | Found a roughly hewn altar of Beogh.
 29758 | Orc:2    | Found Ibarphap's Distillery.
 29766 | Orc:2    | Bought 2 potions of invisibility for 160 gold pieces
 30002 | D:14     | Received a gift from Nemelex Xobeh
 30138 | D:14     | Acquired a +2 helmet of intelligence
 30239 | D:14     | Found a gate to the Vaults.
 30348 | D:14     | Received a gift from Nemelex Xobeh
 30454 | D:15     | Entered Level 15 of the Dungeon
 30678 | D:15     | Found an opulent altar of Gozag.
 31091 | D:15     | Received a gift from Nemelex Xobeh
 31297 | D:15     | Found a portal to a secret trove of treasure.
 31451 | D:15     | Found a staircase to the Depths.
 31510 | D:15     | Found Esai's Magic Scroll Boutique.
 31876 | D:15     | Bought a scroll of identify for 38 gold pieces
 31876 | D:15     | Bought a scroll of magic mapping for 66 gold pieces
 31876 | D:15     | Bought a scroll of identify for 38 gold pieces
 31876 | D:15     | Bought a scroll of identify for 38 gold pieces
 31876 | D:15     | Bought a scroll of identify for 38 gold pieces
 31876 | D:15     | Bought 2 scrolls of blinking for 285 gold pieces
 31971 | D:12     | Bought a sparkling amethyst amulet for 115 gold pieces
 31971 | D:12     | Identified the amulet "Qerraff" {Inacc rF- Dex+2 Stlth+}
                  | (You bought it in a shop on level 12 of the Dungeon)
 32157 | Spider:1 | Entered Level 1 of the Spider Nest
 32352 | Swamp:1  | Entered Level 1 of the Swamp
 32661 | Swamp:1  | Noticed Donald
 32993 | Lair:4   | Killed Donald
 33333 | Swamp:1  | Received a gift from Nemelex Xobeh
 33836 | Swamp:1  | Received a gift from Nemelex Xobeh
 34362 | Swamp:2  | Noticed a thorn hunter
 34367 | Swamp:2  | Killed a thorn hunter
 34524 | Swamp:1  | Reached XP level 17. HP: 101/134 MP: 30/32
 34990 | Swamp:2  | Noticed Frances
 34995 | Swamp:2  | Noticed Frances
 34995 | Swamp:2  | Frances changed into Frances the wolf spider
 35009 | Swamp:1  | Killed Frances the wolf spider
 35009 | Swamp:1  | Reached skill level 14 in Stealth
 35175 | Swamp:2  | Received a gift from Nemelex Xobeh
 35218 | Swamp:2  | Identified the +6 chain mail of Quantum Leap {Regen+ Dex+4}
                  | (You found it on level 2 of the Swamp)
 36720 | Swamp:3  | Paralysed by a fenstrider witch for 3 turns
 37596 | Swamp:4  | Entered Level 4 of the Swamp
 37597 | Swamp:4  | Received a gift from Nemelex Xobeh
 38344 | Swamp:4  | Received a gift from Nemelex Xobeh
 38992 | Orc:2    | Bought a phantom mirror for 400 gold pieces
 40558 | Swamp:4  | Got a decaying rune of Zot
 41091 | Orc:2    | Bought a potion of curing for 30 gold pieces
 41091 | Orc:2    | Bought a potion of curing for 30 gold pieces
 41091 | Orc:2    | Bought a potion of curing for 30 gold pieces
 41091 | Orc:2    | Bought a potion of curing for 30 gold pieces
 41091 | Orc:2    | Bought a potion of curing for 30 gold pieces
 41265 | D:13     | Bought 2 potions of curing for 150 gold pieces
 41648 | Spider:1 | Reached skill level 10 in Conjurations
 41648 | Spider:1 | Reached skill level 10 in Hexes
 41648 | Spider:1 | Reached skill level 10 in Summonings
 41648 | Spider:1 | Reached skill level 10 in Necromancy
 41648 | Spider:1 | Reached skill level 10 in Translocations
 41648 | Spider:1 | Reached skill level 10 in Transmutations
 41648 | Spider:1 | Reached skill level 10 in Fire Magic
 41648 | Spider:1 | Reached skill level 10 in Ice Magic
 41648 | Spider:1 | Reached skill level 10 in Air Magic
 41648 | Spider:1 | Reached skill level 10 in Earth Magic
 41648 | Spider:1 | Reached skill level 10 in Poison Magic
 41734 | Spider:1 | Reached XP level 18. HP: 131/143 MP: 33/33
 42450 | Spider:2 | Received a gift from Nemelex Xobeh
 42471 | Spider:2 | Noticed Arachne
 42786 | Spider:1 | Killed Arachne
 43498 | Spider:2 | Noticed Aizul
 43515 | Spider:2 | Noticed Aizul
 43515 | Spider:2 | Aizul changed into Aizul the spark wasp
 44087 | Spider:2 | Killed Aizul the spark wasp
 44180 | Spider:2 | Noticed Agnes
 44182 | Spider:2 | Killed Agnes
 45640 | Spider:4 | Entered Level 4 of the Spider Nest
 46057 | Spider:4 | Received a gift from Nemelex Xobeh
 46076 | Spider:4 | Found a runed translucent gate.
 46076 | Spider:4 | Found a runed translucent gate.
 46076 | Spider:4 | Found a runed translucent gate.
 46078 | Spider:4 | Noticed emiel's ghost (adept SpAE)
 46298 | Spider:3 | Paralysed by a hornet for 3 turns
 46525 | Spider:3 | Killed emiel's ghost
 46555 | Spider:4 | Reached XP level 19. HP: 151/151 MP: 35/35
 46901 | Spider:4 | Reached skill level 15 in Stealth
 47183 | Spider:4 | Received a gift from Nemelex Xobeh
 47767 | Spider:4 | Reached XP level 20. HP: 103/158 MP: 0/36
 48002 | Spider:4 | Got a gossamer rune of Zot
 48025 | Spider:4 | Learned a level 2 spell: Passwall
 48368 | Vaults:1 | Entered Level 1 of the Vaults
 48639 | Vaults:1 | Identified the cursed +1 robe of the Engineer {rPois rC+
                  | MR- Slay+5} (You found it on level 1 of the Vaults)
 48727 | Vaults:1 | Received a gift from Nemelex Xobeh
 48729 | Vaults:1 | You fall into a shaft and drop 1 floor!
 48785 | Vaults:2 | Noticed Jory
 49242 | Vaults:2 | Killed Jory
 50276 | Vaults:1 | Cast into level 3 of the Abyss (a deep elf sorcerer)
 50288 | Abyss:3  | Found a corrupted altar of Lugonu.
 50288 | Abyss:3  | Noticed a hellephant
 50308 | Abyss:3  | Noticed a hellephant
 50309 | Abyss:3  | Got an abyssal rune of Zot
 50338 | Abyss:3  | Received a gift from Nemelex Xobeh
 50406 | Abyss:3  | Noticed a bone dragon
 50433 | Abyss:3  | Received a gift from Nemelex Xobeh
 50810 | Abyss:3  | Paralysed by accursed screaming for 1 turns
 50814 | Abyss:3  | Paralysed by accursed screaming for 2 turns
 50840 | Abyss:4  | Noticed a bone dragon
 51052 | Vaults:1 | Escaped the Abyss
 51072 | Vaults:1 | Received a gift from Nemelex Xobeh
 51434 | Vaults:1 | Found a runed translucent gate.
 51434 | Vaults:1 | Found a runed translucent gate.
 51434 | Vaults:1 | Found a runed translucent gate.
 51435 | Vaults:1 | Found an opulent altar of Gozag.
 51436 | Vaults:1 | Noticed Gruesome's ghost (adept FoAK)
 51437 | Vaults:1 | Found Ymnaq's Assorted Antiques.
 51437 | Vaults:1 | Found Fys Zoem's Assorted Antiques.
 53342 | Vaults:2 | You fall into a shaft and drop 1 floor!
 53947 | Vaults:3 | Received a gift from Nemelex Xobeh
 53963 | Vaults:3 | Reached XP level 21. HP: 166/166 MP: 38/38
 55455 | Vaults:3 | Found Jamimer's Armour Shop.
 56569 | Vaults:3 | Received a gift from Nemelex Xobeh
 56925 | Vaults:3 | Paralysed by a sphinx for 7 turns
 56944 | Vaults:3 | Paralysed by a sphinx for 7 turns
 57466 | Vaults:3 | Found a staircase to the Crypt.
 57628 | Vaults:4 | Received a gift from Nemelex Xobeh
 57825 | Vaults:4 | Reached skill level 16 in Stealth
 57999 | Vaults:4 | Received a gift from Nemelex Xobeh
 59086 | Vaults:4 | Reached skill level 15 in Fighting
 59365 | Vaults:4 | Reached XP level 22. HP: 164/173 MP: 39/39
 59534 | Vaults:4 | Identified the +4 broad axe of the Maze {venom, rF++ MR-
                  | Dex+3 Stlth+} (You found it on level 4 of the Vaults)
 60041 | Depths:1 | Entered Level 1 of the Depths
 60213 | Depths:1 | Reached skill level 15 in Invocations
 60491 | Depths:1 | Received a gift from Nemelex Xobeh
 60542 | Depths:1 | Found a one-way gate to the infinite horrors of the Abyss.
 61429 | Depths:1 | Received a gift from Nemelex Xobeh
 61431 | Depths:1 | Found a one-way gate leading to the halls of Pandemonium.
 61496 | Depths:1 | Found a gateway to Hell.
 61864 | Depths:1 | You fall into a shaft and drop 1 floor!
 61996 | Depths:2 | Found Gozag's Assorted Antiques.
 62056 | Depths:2 | Found a gateway to a ziggurat.
 62592 | Depths:2 | Found Gozag's Assorted Antiques.
 62833 | Depths:2 | Found Gozag's Antique Weapon Shop.
 62838 | Depths:2 | Found an opulent altar of Gozag.
 62960 | Depths:2 | Noticed a golden dragon
 62985 | Depths:2 | Killed a golden dragon
 63264 | Depths:2 | Paralysed by a great orb of eyes for 6 turns
 63277 | Depths:2 | Paralysed by an ogre mage for 4 turns
 64055 | Depths:3 | Received a gift from Nemelex Xobeh
 64169 | Depths:3 | Paralysed by a great orb of eyes for 3 turns
 64195 | Depths:3 | Reached skill level 15 in Maces & Flails
 64195 | Depths:3 | Reached skill level 15 in Dodging
 64462 | Depths:3 | Reached XP level 23. HP: 182/182 MP: 41/41
 65473 | Depths:3 | Found Cowac's Weapon Boutique.
 65595 | Depths:3 | You fall into a shaft and drop 2 floors!
 65595 | Depths:5 | Entered Level 5 of the Depths
 65604 | Depths:5 | Noticed a juggernaut
 65659 | Depths:4 | Paralysed by a floating eye for 3 turns
 66121 | Depths:3 | Paralysed by a sphinx for 7 turns
 66255 | Depths:3 | Found a runed translucent door.
 66845 | Depths:3 | Found a runed translucent door.
 66849 | Depths:3 | Noticed a golden dragon
 66907 | Depths:3 | Found Jeak's Jewellery Emporium.
 66907 | Depths:3 | Found Huohuplu's Gadget Shop.
 66908 | Depths:3 | Found Qithai's Gadget Shop.
 67377 | Depths:4 | Received a gift from Nemelex Xobeh
 68480 | Depths:4 | Paralysed by a floating eye for 4 turns
 68985 | Depths:3 | Reached skill level 17 in Stealth
 69795 | Depths:4 | Reached skill level 15 in Short Blades
 69795 | Depths:4 | Reached skill level 15 in Long Blades
 69795 | Depths:4 | Reached skill level 15 in Axes
 69795 | Depths:4 | Reached skill level 15 in Polearms
 69795 | Depths:4 | Reached skill level 15 in Staves
 69795 | Depths:4 | Reached skill level 15 in Slings
 69795 | Depths:4 | Reached skill level 15 in Bows
 69795 | Depths:4 | Reached skill level 15 in Crossbows
 69795 | Depths:4 | Reached skill level 15 in Throwing
 69795 | Depths:4 | Reached skill level 15 in Armour
 69795 | Depths:4 | Reached skill level 15 in Shields
 69795 | Depths:4 | Reached skill level 15 in Unarmed Combat
 69795 | Depths:4 | Reached skill level 15 in Spellcasting
 69795 | Depths:4 | Reached skill level 15 in Evocations
 69826 | Depths:4 | Paralysed by a great orb of eyes for 5 turns
 70133 | Depths:4 | Found Heaf's Assorted Antiques.
 70135 | Depths:4 | Found Uze Huu's Weapon Shoppe.
 70137 | Depths:4 | Found Dafoetev's Magic Scroll Emporium.
 70142 | Depths:4 | Bought a scroll of blinking for 202 gold pieces
 70146 | Depths:4 | Bought a scroll of teleportation for 57 gold pieces
 70146 | Depths:4 | Bought 2 scrolls of acquirement for 1976 gold pieces
 70146 | Depths:4 | Acquired a +4 ring of evasion
 70147 | Depths:4 | Acquired the ring of the Good {*Slow rF++ MR+ SInv}
 70785 | Depths:5 | Reached XP level 24. HP: 190/191 MP: 42/42
 70801 | Depths:5 | Received a gift from Nemelex Xobeh
 72718 | Depths:5 | Killed a juggernaut
 72761 | Depths:5 | Noticed a caustic shrike
 72761 | Depths:5 | a shadow dragon changed into a caustic shrike
 72762 | Depths:5 | a caustic shrike changed into a golden dragon
 73332 | Depths:5 | Found a gate to the Realm of Zot.
 73760 | D:15     | Bought a scroll of teleportation for 57 gold pieces
 73760 | D:15     | Bought 3 scrolls of teleportation for 171 gold pieces
 73806 | D:13     | Bought a scroll of blinking for 187 gold pieces
 73806 | D:13     | Bought a scroll of teleportation for 75 gold pieces
 73812 | D:13     | Learned a level 5 spell: Borgnjor's Vile Clutch
 73818 | D:13     | Learned a level 5 spell: Silence
 73971 | Crypt:1  | Entered Level 1 of the Crypt
 75099 | Crypt:1  | Received a gift from Nemelex Xobeh
 77637 | Crypt:3  | Entered Level 3 of the Crypt
 78052 | Crypt:3  | Received a gift from Nemelex Xobeh
 78138 | Crypt:3  | Found a staircase to the Tomb.
 78213 | Crypt:3  | Found the +6 Majin-Bo {vamp, MP+6 Int+6}
 78639 | Crypt:3  | Reached XP level 25. HP: 199/199 MP: 42/42
 79599 | Crypt:3  | Found a basalt altar of Yredelemnul.
 79599 | Crypt:3  | Noticed an ancient lich
 79626 | Crypt:3  | Killed an ancient lich
 79833 | Crypt:3  | Got a smoking lapis lazuli ring
 79836 | Crypt:3  | Identified the ring of Moodiness {rN++ MP+9 Str+6 Int+2
                  | Stlth-} (You found it on level 3 of the Crypt)
 79841 | Crypt:3  | Got a vibrating bronze ring
 79842 | Crypt:3  | Identified the ring of Epsysk {*Slow +Inv rElec SInv} (You
                  | found it on level 3 of the Crypt)
 80298 | Vaults:1 | Killed Gruesome's ghost
 80421 | Vaults:1 | Bought a scroll of blinking for 225 gold pieces
 80423 | Vaults:1 | Bought a scroll of acquirement for 1612 gold pieces
 80430 | Vaults:1 | Acquired 987 gold pieces
 80628 | Elf:1    | Entered Level 1 of the Elven Halls
 80692 | Elf:1    | Received a gift from Nemelex Xobeh
 81475 | Elf:1    | Identified the Disquisition on Attacks
 81531 | Elf:1    | Received a gift from Nemelex Xobeh
 81908 | Elf:2    | Noticed Asterion
 82280 | Elf:2    | Received a gift from Nemelex Xobeh
 82362 | Elf:2    | Found a magical portal.
 82376 | WizLab   | Entered Doroklohe's Tomb
 82598 | WizLab   | Gained mutation: You tend to lose your temper in combat. [a
                  | cacodemon]
 82641 | WizLab   | Reached skill level 18 in Stealth
 83117 | Elf:2    | Killed Asterion
 83618 | Elf:2    | Found a runed translucent door.
 83640 | Elf:2    | Found a runed translucent door.
 83743 | Elf:2    | Lost mutation: You tend to lose your temper in combat.
                  | [potion of mutation]
 83743 | Elf:2    | Gained mutation: You tend to lose your temper in combat.
                  | [potion of mutation]
 83743 | Elf:2    | Gained mutation: You expend magic power (3 MP) to
                  | strengthen your wands. [potion of mutation]
 83743 | Elf:2    | Gained mutation: You are partially covered in molten
                  | scales. (AC +2) [potion of mutation]
 83744 | Elf:2    | Lost mutation: You are partially covered in molten scales.
                  | (AC +2) [potion of mutation]
 83744 | Elf:2    | Lost mutation: You expend magic power (3 MP) to strengthen
                  | your wands. [potion of mutation]
 83744 | Elf:2    | Gained mutation: You are occasionally teleported next to
                  | monsters. [potion of mutation]
 83744 | Elf:2    | Gained mutation: You are partially covered in rugged brown
                  | scales. (AC +1, +3% HP) [potion of mutation]
 83745 | Elf:2    | Lost mutation: You tend to lose your temper in combat.
                  | [potion of mutation]
 83745 | Elf:2    | Lost mutation: You are partially covered in rugged brown
                  | scales. (AC +1, +3% HP) [potion of mutation]
 83745 | Elf:2    | Lost mutation: You are occasionally teleported next to
                  | monsters. [potion of mutation]
 83745 | Elf:2    | Gained mutation: You are weak. (Str -2) [potion of
                  | mutation]
 83745 | Elf:2    | Gained mutation: You are agile. (Dex +2) [potion of
                  | mutation]
 83771 | Elf:3    | Entered Level 3 of the Elven Halls
 83858 | Elf:3    | Found a shimmering blue altar of Sif Muna.
 83935 | Elf:3    | Received a gift from Nemelex Xobeh
 85040 | Elf:3    | Reached XP level 26. HP: 204/208 MP: 43/43
 85041 | Elf:3    | Identified the cursed +0 short sword of Gallantry {freeze,
                  | rN+ Int+2}
 85682 | Elf:3    | Identified the cursed ring "Duest" {+Inv rN+ MR++ Dex-4}
 85753 | Elf:3    | Identified the +5 quarterstaff "Putir" {elec, Int+3}
 85753 | Elf:3    | Identified the +3 leather armour of Mueruom {Str+5 Int+4}
 85753 | Elf:3    | Identified the ring of Jopsag {Fire rElec Str+3}
 85831 | Elf:3    | Identified the +10 plate armour "Recisit" {Slay+4}
 87013 | Depths:3 | Noticed a juggernaut
 87013 | Depths:3 | a golden dragon changed into a juggernaut
 87016 | Depths:3 | a juggernaut changed into a titan
 87018 | Depths:3 | Noticed a juggernaut
 87018 | Depths:3 | a titan changed into a juggernaut
 87022 | Depths:3 | Noticed a shard shrike
 87022 | Depths:3 | a juggernaut changed into a shard shrike
 87022 | Depths:3 | Paralysed by a floating eye for 4 turns
 87023 | Depths:3 | a shard shrike changed into a titan
 87025 | Depths:3 | Noticed a shard shrike
 87025 | Depths:3 | a titan changed into a shard shrike
 87026 | Depths:3 | a shard shrike changed into a titan
 87030 | Depths:3 | Noticed a shard shrike
 87030 | Depths:3 | an iron giant changed into a shard shrike
 87033 | Depths:3 | a shard shrike changed into a stone giant
 87431 | Depths:3 | Paralysed by a floating eye for 3 turns
 87447 | Depths:3 | Paralysed by a floating eye for 4 turns
 87458 | Depths:3 | Paralysed by a floating eye for 3 turns
 87463 | Depths:3 | Paralysed by a floating eye for 3 turns
 87473 | Depths:3 | Paralysed by a floating eye for 4 turns
 88636 | Vaults:5 | Entered Level 5 of the Vaults
 88643 | Vaults:5 | Received a gift from Nemelex Xobeh
 88721 | Vaults:5 | Noticed Xtahua
 88725 | Vaults:5 | Identified the -2 hand axe of Agony {vorpal, *Drain rC++
                  | Str+4 Int+2}
 89226 | Vaults:5 | HP: 4/209 [ettin/+2 dire flail of protection (26)]
 89226 | Vaults:5 | Demolished by an ettin

Illustrated notes

Levels and vault maps discovered:
D:1:      psy_arrival_radial02, layout_basic, roderic_lattice_a, st_stairs_10
D:2:      minmay_spotlight, layout_rooms, nicolae_overflow_crystal_walls,
          minmay_pentomino_pile
D:3:      layout_rooms, yredelemnul_altar_generic,
          nicolae_qazlal_general_emergency, gammafunk_ghost_arena,
          small_statue_intersection
D:4:      layout_basic, lemuel_crystal_altar, kiku_gazebo_garden_becter
D:5:      layout_rooms, fedhas_bush_and_centaur_altar, lemuel_crystal_altar,
          serial_shops, nicolae_shop_competitors_out_of_business
D:6:      layout_basic, vehumet_crystals,
          chequers_temple_overflow_statue_of_worship,
          minmay_temple_entry_overgrown, minivault_19, uniq_maggie
D:7:      kennysheep_spiral_hall, layout_gridville, okawaru_ov_weapons_minmay,
          lightli_temple_of_fire, basic_altar, serial_shops,
          nicolae_shop_statue_plus, serial_glass, glass_columns_a,
          glass_columns_b
D:8:      layout_cave_pools, dpeg_lair_monsters, serial_shops,
          kennysheep_mini_moat, gammafunk_ghost_spectres
D:9:      layout_basic, marbit_many_paths
D:10:     layout_rooms, biasface_ghost_orc_armoury
D:11:     layout_basic, orc_0_dummy, uniq_erica
D:12:     layout_layer_cave, nicolae_antique_artefacts, uniq_azrael, uniq_nessos
D:13:     layout_loops_ring, serial_shops, shop
D:14:     layout_stronghold, david_vaults_5, serial_glass, glass_columns_a,
          glass_columns_c, minivault_8
D:15:     hangedman_depths_entry_try_elsewhere_first, layout_long_grid,
          enter_trove_0, serial_shops, shop, lemuel_coloured_pillars_altar
Lair:1:   layout_cellular_growth, chequers_serial_rivers_room_b,
          beast_lair_carwin_6, grunt_megastairs_1, infiniplex_staircase_pool_2
Lair:2:   layout_cave_pods, special_room [special_room_bee]
Lair:3:   layout_chaotic_city, spider_nest_entry_web_field, basic_altar
Lair:4:   layout_gridlike, minmay_swamp_entry_worms
Lair:5:   layout_loops_ring, slime_dummy, chequers_serial_rivers_micro_c
Lair:6:   hangedman_lair_caniforms_friends, layout_regular_city,
          hangedman_lair_tendril_chambers
Swamp:1:  layout_falls_marsh, evilmike_swamp_ruin_rubble_1, swamp_pool4,
          uniq_donald
Swamp:2:  layout_basic_swamp, nicolae_swamp_orc_logging_accident, swamp_pool1,
          uniq_frances
Swamp:3:  cheibrodos_swamp_tower_of_moss, layout_basic_swamp,
          evilmike_swamp_ruin_house_2
Swamp:4:  swamp, layout_basic_swamp
Spider:1: layout_spider_delve
Spider:2: layout_spider_delve, minmay_another_anthill, uniq_arachne, uniq_agnes,
          uniq_aizul
Spider:3: layout_spider_delve, drop_trap
Spider:4: spider_rune_water, gammafunk_ghost_split
Orc:1:    cheibrodos_orc_guarddog, layout_caves, serial_shops,
          nicolae_shop_waterfront, lightli_orcish_oven, uniq_urug
Orc:2:    kennysheep_orc_mage_school, layout_caves, special_room, uniq_rupert,
          uniq_sonja
Elf:1:    elf_arrival_001, layout_geoelf_grid, minmay_elf_annihilation
Elf:2:    layout_rooms, infiniplex_enter_wizlab_spiral, uniq_asterion
Elf:3:    minmay_elf_hall_circle, layout_rooms, basic_altar,
          serial_co_window_serial, co_window_corner_a, co_window_paths_a,
          co_window_paths_a, co_window_corner_a, co_window_cross_1,
          co_window_corner_b, co_window_cross_2, co_window_broadway_a,
          co_window_2corner, glass_columns_a, glass_columns_a
Vaults:1: ebering_vaults_ghost_gozag, v_misc_27, vaults_room_door_ring,
          nicolae_vaults_know_your_exits, v_misc_16,
          nicolae_vaults_network_barrier, v_alt_pattern_6,
          hangedman_vaults_unwind, vaults_room_door_ring,
          layout_vaults_quadrants
Vaults:2: nicolae_vaults_what_the_h, ontoclasm_vaults_tryst,
          ontoclasm_vaults_idyll, ontoclasm_vaults_chip,
          nicolae_vaults_asterisk, vaults_room_pools,
          hangedman_vaults_stretched_pinwheel, hangedman_vaults_impose,
          ontoclasm_vaults_idyll, ontoclasm_vaults_chip,
          layout_vaults_omnicross, uniq_jory
Vaults:3: hangedman_vaults_stretched_pinwheel, hangedman_vaults_maws,
          minmay_crypt_entry_skeletal_spiral, hangedman_vaults_locks, v_misc_12,
          v_misc_27, vaults_mumra_lcd, v_alt_pattern_3, layout_vaults_omnibox,
          serial_shops, nicolae_shop_window_shopping
Vaults:4: serial_ice_m, hangedman_vaults_impose, ontoclasm_vaults_gallery,
          hangedman_vaults_slice, grunt_vaults_funnel, vaults_dpeg_spiral,
          v_pattern_4, vaults_dpeg_cross, vaults_room_hallway,
          ontoclasm_vaults_ring_large, hangedman_vaults_trim,
          nicolae_vaults_little_squares_1, layout_vaults_big_room
Vaults:5: uniq_boris, uniq_margery, uniq_xtahua
Crypt:1:  layout_rooms
Crypt:2:  layout_rooms, st_burial_chamber
Crypt:3:  cryptofortress_bobbens
Depths:1: layout_cave_pools, abyss_entry, rand_demon_pan_entry_5,
          grunt_decor_cap, hell_entry, wad_floor_pattern_2, kennysheep_donut
Depths:2: kennysheep_gozag_temple, layout_twisted_cross, enter_ziggurat_b,
          grunt_hell_horde, chequers_serial_rivers_marsh
Depths:3: minmay_expanding_circles, layout_basic, rand_demon_pan_entry_8,
          chequers_serial_rivers_small_a, serial_shops, nicolae_shop_crystal,
          hell_entry, item_on_display_a, infiniplex_staircase_pool_lava,
          minmay_shop_grove, serial_bayou_shore_b
Depths:4: kennysheep_ambush_hall, layout_cave_shapes, abyss_entry,
          minmay_misc_feat_pillars, hell_entry, infiniplex_staircase_star,
          minmay_shop_star
Depths:5: grunt_zot_entry_alcove, layout_basic, hell_entry,
          chequers_serial_rivers_marsh

Skill      XL: |  1  2  3  4  5  6  7  8  9 10 11 12 13 14 15 16 17 18 19 20 21 22 23 24 25 26 |
---------------+-------------------------------------------------------------------------------+-----
Stealth        | 10 11 12 13 14 15 16 17 18 | 18.4
Invocations    | 1 2 3 4 5 6 7 8 9 10 11 12 13 14 15 16 17 | 17.8
Short Blades   | 1 2 3 4 5 6 7 8 9 10 11 12 13 14 15 16 | 16.5
Long Blades    | 1 2 3 4 5 6 7 8 9 10 11 12 13 14 15 16 | 16.5
Axes           | 1 2 3 4 5 6 7 8 9 10 11 12 13 14 15 16 | 16.5
Polearms       | 1 2 3 4 5 6 7 8 9 10 11 12 13 14 15 16 | 16.5
Staves         | 1 2 3 4 5 6 7 8 9 10 11 12 13 14 15 16 | 16.5
Slings         | 1 2 3 4 5 6 7 8 9 10 11 12 13 14 15 16 | 16.5
Bows           | 1 2 3 4 5 6 7 8 9 10 11 12 13 14 15 16 | 16.5
Crossbows      | 1 2 3 4 5 6 7 8 9 10 11 12 13 14 15 16 | 16.5
Throwing       | 1 2 3 4 5 6 7 8 9 10 11 12 13 14 15 16 | 16.5
Armour         | 1 2 3 4 5 6 7 8 9 10 11 12 13 14 15 16 | 16.5
Shields        | 1 2 3 4 5 6 7 8 9 10 11 12 13 14 15 16 | 16.5
Unarmed Combat | 1 2 3 4 5 6 7 8 9 10 11 12 13 14 15 16 | 16.5
Spellcasting   | 1 2 3 4 5 6 7 8 9 10 11 12 13 14 15 16 | 16.5
Evocations     | 1 2 3 4 5 6 7 8 9 10 11 12 13 14 15 16 | 16.5
Conjurations   | 1 2 3 4 5 6 7 8 9 10 11 12 13 14 | 14.2
Hexes          | 1 2 3 4 5 6 7 8 9 10 11 12 13 14 | 14.2
Summonings     | 1 2 3 4 5 6 7 8 9 10 11 12 13 14 | 14.2
Necromancy     | 1 2 3 4 5 6 7 8 9 10 11 12 13 14 | 14.2
Translocations | 1 2 3 4 5 6 7 8 9 10 11 12 13 14 | 14.2
Transmutations | 1 2 3 4 5 6 7 8 9 10 11 12 13 14 | 14.2
Fire Magic     | 1 2 3 4 5 6 7 8 9 10 11 12 13 14 | 14.2
Ice Magic      | 1 2 3 4 5 6 7 8 9 10 11 12 13 14 | 14.2
Air Magic      | 1 2 3 4 5 6 7 8 9 10 11 12 13 14 | 14.2
Earth Magic    | 1 2 3 4 5 6 7 8 9 10 11 12 13 14 | 14.2
Poison Magic   | 1 2 3 4 5 6 7 8 9 10 11 12 13 14 | 14.2
Maces & Flails | 5 6 7 8 9 10 11 12 13 14 15 16 17 | 17.0
Dodging        | 5 6 7 8 9 10 11 12 13 14 15 16 17 | 17.0
Fighting       | 7 8 9 10 11 12 13 14 15 16 17 | 17.4

Action                   |  1- 3 |  4- 6 |  7- 9 | 10-12 | 13-15 | 16-18 | 19-21 | 22-24 | 25-27 || total
-------------------------+-------+-------+-------+-------+-------+-------+-------+-------+-------++-------
Melee: Hand axe          |    69 |   125 |   286 |   542 |  1045 |   299 |       |       |       ||  2366
       Bite              |     4 |    13 |    49 |   103 |   240 |   306 |   395 |   620 |   231 ||  1961
       Punch             |       |     1 |     4 |    19 |    67 |     5 |       |       |       ||    96
       Demon blade       |       |       |       |     9 |       |  1310 |  1912 |  2724 |  1224 ||  7179
       Unarmed           |       |       |       |       |    62 |       |       |       |    54 ||   116
       Scimitar          |       |       |       |       |    37 |   114 |       |       |       ||   151
       War axe           |       |       |       |       |    54 |    23 |       |       |       ||    77
       Demon whip        |       |       |       |       |       |       |       |   168 |       ||   168
Throw: Stone             |       |     9 |       |       |       |       |       |       |       ||     9
       Boomerang         |       |       |       |     7 |    15 |   157 |   116 |   122 |    91 ||   508
       Dart              |       |       |       |     2 |       |       |       |       |       ||     2
       Javelin           |       |       |       |       |       |       |       |       |    13 ||    13
 Cast: Ensorcelled Hiber |       |       |       |       |       |       |     2 |       |       ||     2
       Silence           |       |       |       |       |       |       |       |       |    18 ||    18
Invok: Draw Destruction  |       |       |     4 |    16 |    18 |    60 |    16 |    12 |     6 ||   132
       Draw Summoning    |       |       |       |     3 |     1 |     5 |     8 |       |     2 ||    19
       Draw Escape       |       |       |       |     1 |       |       |    10 |       |     2 ||    13
       Triple Draw       |       |       |       |     1 |     1 |       |     1 |     2 |     8 ||    13
       Deal Four         |       |       |       |     1 |       |       |     1 |     2 |     4 ||     8
 Abil: Evoke Blink       |       |       |       |       |       |    10 |     2 |     3 |     4 ||    19
Evoke: Wand              |       |       |       |     1 |     2 |     7 |     1 |     4 |     1 ||    16
       Tin of tremorston |       |       |       |       |     1 |       |       |       |       ||     1
       Condenser vane    |       |       |       |       |       |       |       |       |     1 ||     1
  Use: Scroll            |     8 |     3 |     8 |    12 |    15 |    21 |    17 |    13 |    13 ||   110
       Potion            |       |       |       |       |     1 |     3 |    14 |     3 |    10 ||    31
 Stab: Sleeping          |    17 |     7 |     6 |       |       |       |       |       |       ||    30
       Distracted        |       |       |       |     1 |     1 |     4 |     1 |     1 |     1 ||     9
       Paralysed         |       |       |       |     5 |       |     1 |       |       |       ||     6
       Held in net/web   |       |       |       |       |       |       |     1 |       |       ||     1
       Invisible         |       |       |       |       |       |       |    12 |       |       ||    12
Armor: Leather armour    |    15 |    18 |       |       |       |       |       |       |       ||    33
       Chain mail        |       |    26 |   141 |       |       |       |       |       |       ||   167
       Plate armour      |       |       |    15 |   287 |       |       |       |       |       ||   302
       Gold dragon scale |       |       |       |    20 |   947 |  1174 |   858 |  1192 |   349 ||  4540
Dodge: Dodged            |    33 |    76 |   169 |   326 |   555 |   558 |   464 |   688 |   172 ||  3041
Block: Other             |       |       |       |    36 |   298 |    10 |       |       |       ||   344
       Reflection        |       |       |       |       |    12 |    39 |    77 |   102 |    66 ||   296
       Kite shield       |       |       |       |       |       |  1861 |  1724 |  2230 |   754 ||  6569
       Rpst.: Scimitar   |       |       |       |       |     2 |     9 |       |       |       ||    11
       Demon blade       |       |       |       |       |       |    63 |    93 |    98 |    29 ||   283

Table legend: (Time is in decaauts)
 A = Elapsed time spent in this place.
 B = Non-inter-level travel time spent in this place.
 C = Inter-level travel time spent in this place.
 D = Time resting spent in this place.
 E = Time spent auto-exploring this place.
 F = Levels seen in this place.
 G = Mean time per level.
                   A        B        C        D        E       F      G
               +--------+--------+--------+--------+--------+-----+--------+
         Total |  86902 |  77884 |   9018 |  32790 |  28134 |  50 | 1738.0 |
       Dungeon |  21678 |  18149 |   3529 |   6213 |   8356 |  15 | 1445.2 |
          Lair |  11279 |  10249 |   1030 |   4167 |   4612 |   6 | 1879.8 |
         Swamp |   7164 |   6826 |    338 |   3490 |   2060 |   4 | 1791.0 |
   Spider Nest |   6564 |   6128 |    436 |   2972 |   1761 |   4 | 1641.0 |
  Orcish Mines |   2883 |   2264 |    619 |    706 |    990 |   2 | 1441.5 |
   Elven Halls |   5248 |   4464 |    784 |   1100 |   2241 |   3 | 1749.3 |
        Vaults |  12016 |  11177 |    839 |   5147 |   3452 |   5 | 2403.2 |
         Crypt |   4898 |   4395 |    503 |   2152 |    879 |   3 | 1632.7 |
        Depths |  13898 |  12961 |    937 |   6336 |   3685 |   5 | 2779.6 |
         Abyss |    709 |    709 |      0 |    195 |      0 |   2 |  354.5 |
        Wizlab |    561 |    561 |      0 |    308 |     96 |   1 |  561.0 |
               +--------+--------+--------+--------+--------+-----+--------+

Top non-repeatable levels by time:
Depths:3: 5269 daAuts
Vaults:3: 3759 daAuts
Vaults:2: 3720 daAuts
  Lair:6: 3686 daAuts
   Elf:3: 2691 daAuts
    D:14: 2624 daAuts
Depths:2: 2525 daAuts
 Swamp:3: 2475 daAuts
    D:11: 2350 daAuts
Spider:1: 2338 daAuts
Vaults:1: 2293 daAuts
 Crypt:3: 2171 daAuts
Depths:1: 2137 daAuts
    D:12: 2134 daAuts
Depths:4: 2069 daAuts
